 Dungeon Crawl Stone Soup version 0.30-a0-381-g6ea064c7b4 (webtiles) character file.

Game seed: 6136099595411017519

93353 LnG the Imperceptible (level 16, 0/92 HPs)
             Began as a Kobold Summoner on Nov 30, 2022.
             Was the Champion of Dithmenos.
             Slain by an orc warrior
             ... wielding a +0 dire flail
              (11 damage)
             ... on level 2 of the Orcish Mines on Dec 1, 2022.
             The game lasted 01:45:10 (32949 turns).

LnG the Imperceptible (Kobold Summoner)            Turns: 32949, Time: 01:45:13

Health: 0/92       AC: 15    Str:  7    XL:     16   Next: 56%
Magic:  0/27       EV: 28    Int: 27    God:    Dithmenos [******]
Gold:   1303       SH:  0    Dex: 19    Spells: 12/29 levels left

rFire   . . .      SeeInvis .    n - +3 rapier (drain)
rCold   + . .      Faith    .    (no shield)
rNeg    . . .      Spirit   .    U - +3 leather armour of the Hart {rC+ Int+4}
rPois   .          Reflect  .    Z - +0 hat {Will+}
rElec   .          Harm     .    C - +1 cloak {Stlth+}
rCorr   .          Rampage  .    u - +2 pair of gloves {infuse}
Will    ++...                    (no boots) Stlth *********+
                                 (no amulet)
HPRegen 0.35/turn                V - ring "Ofukoythru" {AC+4 Str+2 Slay+3}
MPRegen 0.20/turn                O - ring "Juucuc" {EV+4 Dex+2}

@: on berserk cooldown, slowed, wreathed by umbra, very slow
A: small, no large weapons, nightstalker 3
a: Renounce Religion, Shadow Step, Shadow Form


You were on level 2 of the Orcish Mines.
You worshipped Dithmenos.
Dithmenos was exalted by your worship.
You visited 3 branches of the dungeon, and saw 22 of its levels.
You also visited: Bailey.

You collected 2841 gold pieces.
You spent 1538 gold pieces at shops.

Inventory:

Hand Weapons
 m - a +3 spectral short sword
 n - a +3 rapier of draining (weapon)
Armour
 g - a +2 leather armour of poison resistance
 u - a +2 pair of gloves of infusion (worn)
 C - a +1 cloak of stealth (worn)
 U - the +3 leather armour of the Hart (worn) {rC+ Int+4}
   (You found it on level 15 of the Dungeon)

   Int:       It affects your intelligence (+4).
   rC:        It protects you from cold.
 Z - a +0 hat of willpower (worn)
Jewellery
 v - a ring of positive energy
 F - a ring of wizardry
 G - a +4 ring of evasion
 J - a ring of see invisible
 K - a ring of protection from cold
 M - a ring of resist corrosion
 O - the ring "Juucuc" (right hand) {EV+4 Dex+2}
   (You bought it in a shop on level 12 of the Dungeon)

   [ring of evasion]

   EV:        It affects your evasion (+4).
   Dex:       It affects your dexterity (+2).
 R - a +6 ring of intelligence
 V - the ring "Ofukoythru" (left hand) {AC+4 Str+2 Slay+3}
   (You found it on level 1 of the Lair of Beasts)

   [ring of protection]

   AC:        It affects your AC (+4).
   Str:       It affects your strength (+2).
   Slay:      It affects your accuracy & damage with ranged weapons and melee
   (+3).
Wands
 a - a wand of polymorph (5)
 c - a wand of charming (23)
 q - a wand of mindburst (24)
 x - a wand of flame (30)
 T - a wand of quicksilver (5)
 Y - a wand of digging (8)
Scrolls
 b - 5 scrolls of identify
 d - 7 scrolls of teleportation
 e - a scroll of brand weapon
 f - 4 scrolls of amnesia
 i - 4 scrolls of noise
 l - 5 scrolls of blinking
 o - a scroll of butterflies
 s - 6 scrolls of magic mapping
 H - a scroll of fear
 I - 3 scrolls of vulnerability
 P - 2 scrolls of immolation
 Q - 2 scrolls of poison
 S - a scroll of enchant armour
 W - a scroll of torment
Potions
 h - 2 potions of might
 j - 5 potions of lignification
 k - 6 potions of curing
 p - 5 potions of degeneration
 r - 3 potions of attraction
 t - a potion of haste
 w - 3 potions of mutation
 z - 7 potions of brilliance
 A - a potion of cancellation
 B - a potion of berserk rage
 D - 3 potions of flight
 E - a potion of invisibility
 N - a potion of ambrosia
 X - 2 potions of magic
Miscellaneous
 y - a piece from Xom's chessboard (15/15)


   Skills:
 + Level 7.9 Fighting
 + Level 14.3 Short Blades
 + Level 4.3 Armour
 * Level 14.6 Dodging
 * Level 23.2 Stealth
 + Level 7.4 Spellcasting
 + Level 1.2 Hexes
 + Level 8.4 Summonings
 + Level 2.6 Air Magic
 * Level 8.7 Invocations
 + Level 1.8 Evocations


You had 12 spell levels left.
You knew the following spells:

 Your Spells              Type           Power      Damage    Failure   Level
a - Summon Small Mammal   Summ           100%       N/A       1%          1
b - Call Imp              Summ           54%        N/A       1%          2
c - Call Canine Familiar  Summ           54%        N/A       1%          3
d - Summon Guardian Gole  Hex/Summ       36%        N/A       3%          3
e - Summon Lightning Spi  Summ/Air       40%        N/A       8%          4
f - Summon Ice Beast      Ice/Summ       33%        N/A       14%         4

Your spell library contained the following spells:

 Spells                   Type           Power      Damage    Failure   Level
 Apportation              Tloc           20%        N/A       8%          1
 Beastly Appendage        Tmut           20%        N/A       8%          1
 Freeze                   Ice            40%        1d6       8%          1
 Necrotise                Necr           40%        1d6       8%          1
 Ensorcelled Hibernation  Hex/Ice        26%        N/A       9%          2
 Swiftness                Air            24%        N/A       9%          3
 Passwall                 Tmut/Erth      8%         N/A       12%         2
 Wereblood                Tmut           10%        N/A       12%         2
 Tukima's Dance           Hex            16%        N/A       14%         3
 Kindle Blastsparks       Fire/Tloc/Air  28%        2d12      17%         3
 Inner Flame              Hex/Fire       13%        N/A       19%         3
 Portal Projectile        Hex/Tloc       26%        N/A       19%         3
 Frozen Ramparts          Ice            20%        1d4       24%         3
 Hailstorm                Conj/Ice       10%        3d5       24%         3
 Ignite Poison            Fire/Tmut/Pois 10%        N/A       24%         3
 Spider Form              Tmut/Pois      10%        N/A       24%         3
 Flame Wave               Conj/Fire      10%        2d6       61%         4
 Ice Form                 Ice/Tmut       10%        N/A       61%         4
 Manifold Assault         Tloc           10%        N/A       61%         4
 Sticky Flame             Conj/Fire      10%        2d3       61%         4
 Freezing Cloud           Conj/Ice/Air   7%         6-21      83%         5
 Alistair's Intoxication  Tmut/Pois      6%         N/A       91%         5
 Blade Hands              Tmut           5%         N/A       91%         5
 Borgnjor's Vile Clutch   Necr/Erth      5%         N/A       91%         5
 Dispersal                Tloc           5%         N/A       100%        6
 Eringya's Noxious Bog    Tmut/Pois      5%         N/A       100%        6
 Orb of Destruction       Conj           5%         9d5       100%        7
 Spellforged Servitor     Conj/Summ      16%        N/A       100%        7
 Disjunction              Tloc           5%         N/A       100%        8


Dungeon Overview and Level Annotations

Branches:
Dungeon (15/15)            Temple (0/1) D:4            Lair (5/5) D:10
 Shoals (0/4) Lair:2       Spider (0/4) Lair:2        Slime (0/5) Lair:4
    Orc (2/2) D:9             Elf (0/3) Orc:2        Vaults (0/5) D:13
 Depths (0/4) D:15         Bailey (visited)

Altars:
Cheibriados
Dithmenos
Elyvilon
Fedhas
Gozag
Hepliaklqana
Qazlal
Ru
Sif Muna
Uskayaw
Vehumet
Xom
The Shining One

Shops:
D:3 :[   D:8 =   D:12 =   D:15 ?   Orc:1 *

Portals:
Abyss: D:9

Annotations:
D:9 2 transporters, baller8008's ghost, novice TrBe
Lair:4 2 transporters, Xutikh's ghost, journeyman SpCA
Lair:5 1 runed translucent door


Innate Abilities, Weirdness & Mutations

You are small and have problems with some larger weapons.
You are completely attuned to the shadows.


Message History

You puncture the orc warrior!
You kill the orc warrior!
Dithmenos accepts your kill. The orc completely misses you.
The orc warrior completely misses you.
An orc warrior comes into view. It is wielding a +0 short sword.
The orc completely misses you. The orc hits you but does no damage.
The orc warrior misses you.
The orc warrior shouts!
You puncture the orc!
You kill the orc!
Dithmenos accepts your kill.
You hear a shout!
You barely miss the orc warrior. The orc warrior completely misses you.
The orc completely misses you. x2; The orc barely misses you.
The orc warrior completely misses you.
The orc high priest prays to Beogh.
You puncture the orc priest!
The orc priest is almost dead.
Your shadow barely misses the orc priest.
You impale the orc priest!!
You kill the orc priest!
Dithmenos accepts your kill.
You puncture the orc warrior!
The orc warrior is heavily wounded.
The orc warrior completely misses you. The orc closely misses you.
The orc completely misses you. The orc closely misses you.
The orc warrior completely misses you.
You closely miss the orc high priest.
Your shadow hits the orc high priest with a rapier.
You puncture the orc high priest! You drain the orc high priest.
The orc high priest is heavily wounded.
You impale the orc high priest!! You drain the orc high priest!
The orc high priest is almost dead.
You closely miss the orc high priest.
The orc high priest is almost dead.
You are no longer berserk.
You are exhausted.
You feel yourself slow down.
The orc warrior hits you with a +0 dire flail!
You die...

##### ##.#.## ##
#.....#
...####.....#
......##....##
......)#....#
.#.#)#)#.#.####
..oo@o........#####
..4ooo.........##.##
..ooo..............#
.#.#.#.#..........##
.......#......#.###
.. ... #....#####
###...# ##..##
#....##


You could see an orc high priest (strong, drained), a hellwing (summoned), 3 orc
warriors, an orc priest (strong) and 4 orcs.

Vanquished Creatures
  Frances (D:14)
  Gastronok (Lair:1)
  An orc warlord (Orc:1)
  Snorg (D:11)
  2 fire dragons
  An ice dragon (D:15)
  5 hydras
  Erica (D:11)
  2 catoblepae
  5 boulder beetles
  2 two-headed ogres
  4 centaur warriors
  A shock serpent (shapeshifter) (D:15)
  A deep elf knight (D:13)
  2 skeletal warriors
  A swamp dragon (Lair:5)
  An orc knight (Orc:2)
  A deep elf zephyrmancer (D:13)
  A lindwurm (Lair:5)
  2 orc sorcerers
  5 cyclopes
  5 deep elf pyromancers
  An oklob plant (Lair:5)
  13 ugly things
  A manticore (D:12)
  4 elephants (Lair:2)
  9 torpor snails
  5 black mambas
  Maggie (D:6)
  4 centaur skeletons (D:13)
  2 kobold demonologists
  10 cane toads
  An unseen horror (D:12)
  An efreet (D:15)
  5 rime drakes
  7 yaktaurs
  A troll (shapeshifter) (D:15)
  10 komodo dragons
  8 trolls
  3 merfolk (Lair:2)
  2 polar bears (Lair:5)
  6 hornets
  4 tyrant leeches (Lair:5)
  10 blink frogs
  11 slime creatures
  2 dream sheep (Lair:3)
  4 shadows
  A jumping spider (Lair:2)
  5 wyverns
  A vampire (D:12)
  4 water elementals (D:14)
  66 yaks
  2 culicivoras (Lair:2)
  A wraith (D:11)
  Eustachio (D:5)
  2 basilisks
  3 steam dragons
  3 redbacks (Lair:2)
  11 vampire mosquitoes
  Menkaure (D:4)
  10 wargs
  An acid dragon (Lair:5)
  20 water moccasins
  24 orc warriors
  2 ice beasts
  2 black bears
  A meliai simulacrum (D:14)
  A swamp drake (Lair:5)
  2 ogres
  A sky beast (D:6)
  16 wolves
  7 centaurs
  2 phantoms
  14 kobold brigands
  2 necrophages
  9 gnoll sergeants
  13 bullfrogs
  2 scorpions
  20 wights
  9 killer bees
  2 howler monkeys (D:10)
  5 electric eels (D:8)
  A hound (D:5)
  8 jellies
  3 gnoll boudas (D:10)
  15 orc priests
  5 iguanas
  13 orc wizards
  4 hell rats (Lair:5)
  A centaur simulacrum (D:8)
  A killer bee simulacrum (D:8)
  16 gnolls
  11 adders
  3 shadow imps
  3 white imps
  2 ufetubi
  3 worms
  2 dart slugs (D:2)
  65 orcs
  6 ball pythons
  6 endoplasms
  A giant cockroach (D:2)
  12 goblins
  4 hobgoblins
  11 kobolds
  6 quokkas
  7 bats
  4 frilled lizards
  2 rats (D:2)
652 creatures vanquished.

Vanquished Creatures (collateral kills)
  A two-headed ogre (D:11)
  An ugly thing (D:14)
  2 dream sheep (Lair:3)
  3 blink frogs
  5 yaks
  A basilisk (Lair:3)
  An acid dragon (Lair:5)
  3 wargs (D:10)
  A swamp drake (Lair:5)
  2 orc warriors
  A centaur (D:15)
  A kobold brigand (Bailey)
  A bullfrog (Lair:1)
  A wight (D:7)
  2 howler monkeys (D:10)
  2 orc priests
  A hound (D:6)
  An orc wizard (D:9)
  2 hell rats (Lair:5)
  Robin (D:4)
  4 gnolls
  An adder (D:3)
  A dart slug (D:1)
  9 orcs
  A bat (D:1)
  8 goblins
  3 hobgoblins
  4 jackals
  A quokka (D:4)
  A ball python (D:1)
  2 frilled lizards (D:1)
  3 kobolds
  4 rats
75 creatures vanquished.

Vanquished Creatures (others)
  4 skeletal warriors
  An orc knight (Bailey)
  A slime creature (D:15)
  An orc warrior (Bailey)
  A kobold brigand (Bailey)
  An orc (Orc:2)
  A quokka (D:10)
  82 fungi
  176 plants
268 creatures vanquished.

Grand Total: 995 creatures vanquished

Notes
Turn   | Place    | Note
-------+----------+-------------------------------------------
     0 | D:1      | LnG the Kobold Summoner began the quest for the Orb.
     0 | D:1      | Reached XP level 1. HP: 10/10 MP: 3/3
   118 | D:1      | Reached XP level 2. HP: 15/15 MP: 5/5
   121 | D:1      | Learned a level 2 spell: Call Imp
   208 | D:1      | Reached skill level 3 in Stealth
   882 | D:1      | Reached XP level 3. HP: 14/19 MP: 1/6
   886 | D:1      | Learned a level 3 spell: Call Canine Familiar
  1332 | D:2      | Reached XP level 4. HP: 15/24 MP: 3/7
  1342 | D:2      | Reached skill level 1 in Short Blades
  1908 | D:3      | Found a hide-covered altar of Uskayaw.
  1948 | D:3      | Reached XP level 5. HP: 23/28 MP: 9/9
  1952 | D:3      | Learned a level 3 spell: Summon Guardian Golem
  2074 | D:3      | Found Waybb's Antique Armour Boutique.
  2078 | D:3      | Bought a dyed leather armour for 135 gold pieces
  2129 | D:3      | Found Kuttogyost's Book Shop.
  2174 | D:3      | Found a faded altar of an unknown god.
  2271 | D:3      | Found a hazy altar of Hepliaklqana.
  2341 | D:3      | Reached skill level 4 in Stealth
  3052 | D:4      | Noticed Robin
  3059 | D:4      | Killed Robin
  3060 | D:4      | Reached skill level 1 in Fighting
  3213 | D:4      | Reached XP level 6. HP: 34/34 MP: 10/10
  3472 | D:4      | Found a staircase to the Ecumenical Temple.
  3695 | D:4      | Reached skill level 1 in Armour
  3896 | D:4      | Noticed Menkaure
  3901 | D:4      | Killed Menkaure
  3902 | D:4      | Reached skill level 5 in Stealth
  3902 | D:4      | Reached XP level 7. HP: 38/38 MP: 8/11
  4040 | D:5      | Entered Level 5 of the Dungeon
  4209 | D:5      | Found a snail-covered altar of Cheibriados.
  4329 | D:5      | Reached skill level 6 in Stealth
  4906 | D:5      | Noticed Eustachio
  4907 | D:5      | Noticed a water moccasin
  4910 | D:5      | Killed Eustachio
  4911 | D:5      | Reached skill level 5 in Short Blades
  4911 | D:5      | Reached skill level 5 in Dodging
  4911 | D:5      | Reached XP level 8. HP: 44/44 MP: 10/12
  4919 | D:5      | Reached skill level 7 in Stealth
  5386 | D:5      | Reached skill level 5 in Summonings
  5549 | D:6      | Noticed Maggie
  5553 | D:6      | Killed Maggie
  5554 | D:6      | Reached skill level 8 in Stealth
  5554 | D:6      | Reached XP level 9. HP: 49/49 MP: 12/14
  5990 | D:6      | Found a glowing golden altar of the Shining One.
  6067 | D:6      | Found a shimmering altar of Xom.
  6323 | D:6      | Found a shadowy altar of Dithmenos.
  6326 | D:6      | Became a worshipper of Dithmenos the Shadowed
  6557 | D:6      | Found a radiant altar of Vehumet.
  6673 | D:7      | Reached skill level 9 in Stealth
  6719 | D:7      | You fall into a shaft and drop 2 floors!
  6939 | D:7      | Found a flagged portal.
  6955 | Bailey   | Entered a bailey
  7141 | Bailey   | Learned a level 4 spell: Summon Lightning Spire
  7227 | Bailey   | Noticed an orc knight
  7248 | Bailey   | Killed an orc knight
  7248 | Bailey   | Reached * piety under Dithmenos
  7249 | Bailey   | Reached skill level 10 in Stealth
  7249 | Bailey   | Reached XP level 10. HP: 56/56 MP: 10/16
  7443 | Bailey   | Found a bloodstained altar of Trog.
  7445 | Bailey   | Reached skill level 11 in Stealth
  8246 | D:8      | Reached skill level 5 in Spellcasting
  8824 | D:8      | Found a blossoming altar of Fedhas.
  9140 | D:8      | Reached skill level 12 in Stealth
  9229 | D:8      | Reached skill level 1 in Evocations
  9567 | D:8      | Reached ** piety under Dithmenos
  9697 | D:8      | Found Abli's Jewellery Shoppe.
  9703 | D:8      | Bought a +4 ring of evasion for 360 gold pieces
 10016 | D:9      | Reached XP level 11. HP: 52/61 MP: 9/18
 10530 | D:9      | Noticed a skeletal warrior
 10531 | D:9      | Found a transporter.
 10548 | D:9      | Found a one-way gate to the infinite horrors of the Abyss.
 10548 | D:9      | Noticed baller8008's ghost (novice TrBe)
 10550 | D:9      | Noticed a wretched star
 10562 | D:9      | Found a transporter.
 10723 | D:9      | Noticed a toenail golem
 10802 | D:9      | Reached skill level 13 in Stealth
 10829 | D:9      | Reached *** piety under Dithmenos
 10859 | D:9      | Found a staircase to the Orcish Mines.
 11299 | D:10     | Entered Level 10 of the Dungeon
 11324 | D:10     | Found a shimmering blue altar of Sif Muna.
 11454 | D:10     | Found a staircase to the Lair.
 11913 | D:10     | Reached skill level 10 in Short Blades
 12008 | D:10     | Reached skill level 14 in Stealth
 12041 | D:10     | HP: 2/62 [gnoll sergeant/+2 spear of flaming (4)]
 12276 | D:10     | Reached skill level 10 in Dodging
 12415 | D:10     | Reached **** piety under Dithmenos
 12434 | D:10     | Reached XP level 12. HP: 67/67 MP: 12/20
 12572 | D:10     | Found an opulent altar of Gozag.
 12723 | D:10     | Noticed a two-headed ogre
 12773 | D:9      | Found a stormy altar of Qazlal.
 13091 | D:10     | Identified the +5 war axe of the Burning Gods {vorpal, rC++
                  | Will+ Int+3 Dex-5}
 13380 | D:9      | Reached skill level 5 in Fighting
 13477 | D:10     | Reached skill level 15 in Stealth
 13664 | D:10     | Found a white marble altar of Elyvilon.
 13702 | D:10     | Noticed a skeletal warrior
 13995 | D:11     | Noticed a two-headed ogre
 14006 | D:11     | Killed a two-headed ogre
 14127 | D:11     | Noticed Snorg
 14131 | D:11     | Killed Snorg
 14181 | D:11     | Noticed Erica
 14185 | D:11     | Killed Erica
 14346 | D:11     | Noticed a boulder beetle
 14350 | D:11     | Killed a boulder beetle
 14624 | D:11     | Reached skill level 1 in Invocations
 15385 | D:12     | Noticed a boulder beetle
 15389 | D:12     | Killed a boulder beetle
 15390 | D:12     | Reached skill level 16 in Stealth
 15438 | D:12     | Reached XP level 13. HP: 65/73 MP: 13/22
 15773 | D:12     | Found Xoecza's Jewellery Emporium.
 15778 | D:12     | Bought the ring "Juucuc" {EV+4 Dex+2} for 566 gold pieces
 16225 | D:13     | Noticed a centaur warrior
 16232 | D:13     | Killed a centaur warrior
 16449 | D:13     | Reached skill level 17 in Stealth
 16514 | D:13     | Reached ***** piety under Dithmenos
 16649 | D:13     | Reached skill level 18 in Stealth
 16666 | D:13     | Found a gate to the Vaults.
 16805 | D:13     | Noticed a centaur warrior
 16809 | D:13     | Killed a centaur warrior
 16991 | D:13     | Noticed a centaur warrior
 16995 | D:13     | Killed a centaur warrior
 17694 | D:13     | Reached skill level 19 in Stealth
 18095 | D:14     | Noticed Frances
 18098 | D:14     | Killed Frances
 18099 | D:14     | Reached XP level 14. HP: 80/80 MP: 21/23
 18194 | D:14     | Reached skill level 5 in Invocations
 18195 | D:14     | Reached skill level 1 in Air Magic
 18941 | D:15     | Entered Level 15 of the Dungeon
 19271 | D:15     | Reached skill level 20 in Stealth
 19373 | D:15     | Upgraded the game from 0.30-a0-377-g5cb311bc9f to
                  | 0.30-a0-381-g6ea064c7b4
 19587 | D:15     | Found a staircase to the Depths.
 19993 | D:15     | Identified the +3 leather armour of the Hart {rC+ Int+4}
 20112 | D:15     | Found a sacrificial altar of Ru.
 20252 | D:15     | Found Wayho's Magic Scroll Shoppe.
 20257 | D:15     | Bought 2 scrolls of blinking for 270 gold pieces
 20257 | D:15     | Bought a scroll of identify for 36 gold pieces
 20257 | D:15     | Bought a scroll of torment for 171 gold pieces
 20913 | D:15     | Reached skill level 1 in Hexes
 22548 | Lair:1   | Entered Level 1 of the Lair of Beasts
 22686 | Lair:1   | Identified the ring "Ofukoythru" {AC+4 Str+2 Slay+3}
 22778 | Lair:1   | Found a snail-covered altar of Cheibriados.
 22945 | Lair:1   | Reached XP level 15. HP: 85/85 MP: 23/25
 23412 | Lair:1   | Noticed Gastronok
 23418 | Lair:1   | Killed Gastronok
 23873 | Lair:1   | Reached skill level 21 in Stealth
 24520 | Lair:3   | Reached ****** piety under Dithmenos
 26079 | Lair:4   | Found a transporter.
 26114 | Lair:4   | Found a transporter.
 26311 | Lair:4   | Found a staircase to the Slime Pits.
 26888 | Lair:4   | Noticed Xutikh's ghost (journeyman SpCA)
 26998 | Lair:4   | Reached skill level 22 in Stealth
 27344 | Lair:5   | Entered Level 5 of the Lair of Beasts
 27620 | Lair:5   | Learned a level 4 spell: Summon Ice Beast
 28389 | Lair:5   | Found a runed translucent door.
 28392 | Lair:5   | Reached XP level 16. HP: 92/92 MP: 24/26
 31171 | Lair:2   | Found a staircase to the Shoals.
 31234 | Lair:2   | Found a hole to the Spider Nest.
 31416 | Lair:2   | Identified the +1 ring mail of Reason {rC+ rN+ rCorr}
 31784 | Lair:1   | Reached skill level 23 in Stealth
 31971 | Orc:1    | Entered Level 1 of the Orcish Mines
 31971 | Orc:1    | Found Ucziaczi's Assorted Antiques.
 32187 | Orc:2    | Entered Level 2 of the Orcish Mines
 32710 | Orc:2    | Found a staircase to the Elven Halls.
 32949 | Orc:2    | Slain by an orc warrior

Illustrated notes

Levels and vault maps discovered:
D:1:      mrwooster_arrival_statue_2, layout_basic, minmay_door_square
D:2:      layout_rooms, grunt_ministairs_5
D:3:      layout_loops_ring, nicolae_uskayaw_murder_on_the_dancefloor,
          worldfamousw_hep_ancestral_shrine,
          hellmonk_ecumenical_altar_arch_garden, serial_shops,
          nicolae_shop_hallway_plus, nicolae_diamond_shop, nicolae_titane
D:4:      layout_loops_cross, minmay_temple_entry_waves, uniq_robin,
          uniq_menkaure
D:5:      layout_basic, kennysheep_mini, uniq_eustachio
D:6:      layout_loops_ring, tso_metal_star, mainiacjoe_overflow_brackets,
          xom_butterflies, lemuel_tele_altar, uniq_maggie
D:7:      nicolae_cairo_tiling_large_dashed, layout_loops_ring, enter_bailey_4
D:8:      layout_basic, fedhas_altar_4, serial_ice, serial_ice_j, serial_ice_c,
          serial_ice_e, serial_ice_f, serial_shops, nicolae_lakefront_shop
D:9:      lemuel_flame_loot_2, layout_basic, mainiacjoe_overflow_alcove_4,
          david_orc_5, gammafunk_ghost_abyssal_escape
D:10:     lemuel_castle_with_subvaults [lemuel_castle_interior_original],
          layout_irregular_city, general_overflow_altar,
          mainiacjoe_overflow_tiny_flanked, elyvilon_altar_4,
          due_lair_maze_entry_diamond
D:11:     layout_basic, uniq_snorg, uniq_erica
D:12:     layout_irregular_city, serial_shops, nicolae_shop_crystal
D:13:     layout_basic, hangedman_vaults_entry_quadrant_bands
D:14:     layout_loops_ring, serial_bayou, serial_bayou_ford_a,
          serial_bayou_shore_b, serial_bayou_lake_a, serial_bayou_pond_c,
          uniq_frances
D:15:     grunt_enter_depths_hoard, layout_loops_cross, serial_shops, shop,
          nicolae_ru_sacrificial_ziggurat, minmay_splitting_lines
Lair:1:   layout_regular_city, kennysheep_snail_temple, grunt_megastairs_2,
          uniq_gastronok
Lair:2:   layout_gridlike, elwin_shoals_entry_stream,
          nicolae_spider_entry_tight_spaces
Lair:3:   layout_cave_pods, lemuel_fruit_tree
Lair:4:   layout_gridlike, nicolae_slime_entry_slimehenge,
          gammafunk_ghost_arena, serial_bayou, serial_bayou_crossing,
          serial_bayou_shore_b, serial_bayou_pond_d, serial_bayou_shore_b
Lair:5:   wormcave, layout_regular_city, guppyfry_lair_end_dragon,
          minmay_hedge_maze
Orc:1:    layout_caves, serial_shops, nicolae_shop_statue_plus,
          guppyfry_orc_lava_fort, uniq_urug
Orc:2:    st_orc_pillars, layout_caves

Skill      XL: |  1  2  3  4  5  6  7  8  9 10 11 12 13 14 15 16 |
---------------+-------------------------------------------------+-----
Stealth        | 3 4 5 6 8 10 12 14 16 19 20 22 23 | 23.2
Dodging        | 3 4 5 7 8 10 11 12 13 14 | 14.6
Short Blades   | 1 2 3 5 6 7 9 10 11 12 13 14 | 14.3
Fighting       | 1 2 3 4 5 6 7 |  7.9
Armour         | 1 2 3 4 |  4.3
Spellcasting   | 3 4 5 6 7 |  7.4
Summonings     | 5 6 7 8 |  8.4
Evocations     | 1 |  1.8
Invocations    | 2 4 6 8 |  8.7
Air Magic      | 1 2 |  2.6
Hexes          | 1 |  1.2

Action                   |  1- 3 |  4- 6 |  7- 9 | 10-12 | 13-15 | 16-18 || total
-------------------------+-------+-------+-------+-------+-------+-------++-------
Melee: Unarmed           |    11 |       |       |       |       |       ||    11
       Dagger            |    86 |   112 |       |       |       |       ||   198
       Punch             |     3 |     5 |     1 |    13 |    13 |    10 ||    45
       Rapier            |       |    64 |   147 |   628 |   790 |   506 ||  2135
 Cast: Summon Small Mamm |     4 |       |       |       |     1 |       ||     5
       Call Imp          |     8 |     4 |     5 |     5 |     2 |       ||    24
       Call Canine Famil |     2 |     3 |     9 |    20 |    25 |     3 ||    62
       Summon Guardian G |       |       |     2 |       |    17 |       ||    19
       Summon Lightning  |       |       |       |     6 |    21 |     3 ||    30
       Summon Ice Beast  |       |       |       |       |     1 |     3 ||     4
Invok: Shadow Form       |       |       |       |       |       |     1 ||     1
Evoke: Wand              |       |       |       |    11 |       |       ||    11
  Use: Potion            |       |     2 |       |     2 |     5 |     6 ||    15
       Scroll            |       |     8 |     3 |     7 |    17 |       ||    35
 Stab: Sleeping          |     7 |    15 |    17 |    46 |   117 |    18 ||   220
       Distracted        |     1 |       |       |    13 |    22 |     5 ||    41
       Invisible         |       |       |       |       |     6 |       ||     6
Armor: Robe              |    25 |     7 |       |       |       |       ||    32
       Leather armour    |       |    35 |    39 |   105 |   104 |    56 ||   339
Dodge: Dodged            |   122 |   133 |   111 |   706 |   708 |   514 ||  2294

Table legend: (Time is in decaauts)
 A = Elapsed time spent in this place.
 B = Non-inter-level travel time spent in this place.
 C = Inter-level travel time spent in this place.
 D = Time resting spent in this place.
 E = Time spent auto-exploring this place.
 F = Levels seen in this place.
 G = Mean time per level.
                   A        B        C        D        E       F      G
               +--------+--------+--------+--------+--------+-----+--------+
         Total |  32302 |  31329 |    973 |   4236 |  21296 |  23 | 1404.4 |
       Dungeon |  21768 |  21077 |    691 |   2801 |  14191 |  15 | 1451.2 |
          Lair |   9100 |   8835 |    265 |   1052 |   6408 |   5 | 1820.0 |
  Orcish Mines |    894 |    879 |     15 |    137 |    579 |   2 |  447.0 |
        Bailey |    538 |    538 |      0 |    246 |    116 |   1 |  538.0 |
               +--------+--------+--------+--------+--------+-----+--------+

Top non-repeatable levels by time:
    D:10: 3205 daAuts
  Lair:5: 2971 daAuts
    D:15: 2130 daAuts
     D:9: 1750 daAuts
     D:8: 1725 daAuts
  Lair:3: 1681 daAuts
    D:14: 1656 daAuts
  Lair:1: 1574 daAuts
     D:5: 1499 daAuts
  Lair:2: 1470 daAuts
  Lair:4: 1403 daAuts
    D:13: 1386 daAuts
     D:3: 1225 daAuts
    D:12: 1202 daAuts
     D:6: 1102 daAuts
